AoeStats
← Khirs

Hill Fort

505920855Analyzed
4v4 RM · 20d ago on Sep 11, 2026· 94m 31s· 8 players
Game mode
Random Map
Map size
Large (8 player)
Population
200
Speed
Normal
Resources
Standard
Victory
Conquest
Starting age
Dark Age
Ending age
Imperial Age
RankedLock teamsTeams togetherTeam positionsShared explorationLock speedFull tech treeHidden civsTurbo modeCheats
Victory
Defeat
🇺🇸 Teutons · United States
1000
+14
🇭🇰 Magyars · Hong Kong SAR China
903
+18
🇧🇷 Cumans · Brazil
895
+18
🇪🇸 Chinese · Spain
890
+17
🇹🇷 Teutons · Türkiye
970
-46
🇪🇸 Mongols · Spain
938
-17
🇲🇰 Malay · North Macedonia
930
-16
🇲🇰 Huns · North Macedonia
918
-16
Kobe
10:22 Feudal Age
18:10 Castle Age
15:56 Horse Collar
16:28 Double-Bit Axe
17:19 Gold Mining
17:51 Fletching
19:02 Padded Archer Armor
21:02 Loom
24:23 Thumb Ring
25:46 Wheelbarrow
24:58 Town Watch
27:07 Ballistics
28:32 Bodkin Arrow
32:01 Bow Saw
31:53 Heavy Plow
32:30 Gold Shaft Mining
31:46 Stone Mining
35:59 Hand Cart
36:23 Leather Archer Armor
38:58 Imperial Age
37:21 Stone Shaft Mining
38:06 Husbandry
38:17 Bloodlines
40:08 Parthian Tactics
40:50 Town Patrol
41:02 Bracer
43:50 Heavy Cavalry Archer
47:13 Conscription
66:39 Elite Mangudai
76:22 Caravan
82:03 Light Cavalry
84:50 Forging
84:46 Scale Barding Armor
89:55 Heavy Camel Rider
91:49 Iron Casting
Илић | neoxa
11:44 Feudal Age
16:53 Castle Age
19:00 Double-Bit Axe
19:53 Loom
25:09 Wheelbarrow
24:15 Horse Collar
24:28 Gold Mining
25:06 Heavy Plow
25:20 Bow Saw
27:08 Ballistics
26:52 Husbandry
31:50 Imperial Age
30:56 Scale Barding Armor
31:01 Forging
32:48 Conscription
32:41 Elite Battle Elephant
33:49 Hand Cart
34:09 Crop Rotation
36:07 Chemistry
36:03 Thumb Ring
37:11 Iron Casting
38:16 Siege Engineers
38:22 Masonry
41:29 Blast Furnace
40:38 Squires
40:23 Arson
53:59 Pikeman
56:29 Halberdier
56:37 Halberdier
81:20 Elite Skirmisher
82:42 Padded Archer Armor
82:47 Fletching
84:14 Caravan
goku | neoxa
12:43 Feudal Age
14:20 Loom
17:33 Castle Age
15:21 Double-Bit Axe
26:37 Fletching
27:53 Bodkin Arrow
27:59 Padded Archer Armor
29:30 Horse Collar
30:54 Leather Archer Armor
32:10 Wheelbarrow
32:14 Elite Skirmisher
33:02 Thumb Ring
32:49 Gold Mining
33:23 Ballistics
33:59 Hand Cart
36:32 Imperial Age
34:18 Light Cavalry
35:08 Bloodlines
34:58 Husbandry
36:41 Heavy Cavalry Archer
37:23 Bracer
40:49 Chemistry
40:25 Scale Barding Armor
40:31 Forging
40:30 Hussar
41:26 Heavy Plow
42:44 Chain Barding Armor
42:59 Iron Casting
43:32 Parthian Tactics
48:54 Plate Barding Armor
49:21 Blast Furnace
54:22 Scale Mail Armor
59:32 Pikeman
60:14 Squires
78:13 Halberdier
81:29 Bow Saw
90:07 Chain Mail Armor
itsapencilcase
5:24 Loom
11:05 Feudal Age
17:49 Castle Age
15:49 Double-Bit Axe
15:59 Horse Collar
16:49 Stone Mining
18:51 Town Watch
21:13 Scale Mail Armor
21:08 Gold Mining
21:35 Bow Saw
21:16 Man-at-Arms
22:02 Long Swordsman
27:53 Gambesons
28:09 Squires
28:28 Forging
28:30 Gold Mining
30:30 Fletching
34:35 Wheelbarrow
34:03 Heavy Plow
43:53 Chain Mail Armor
44:16 Iron Casting
46:18 Imperial Age
45:02 Chain Mail Armor
45:22 Iron Casting
48:21 Conscription
48:18 Elite Teutonic Knight
49:33 Plate Mail Armor
50:04 Blast Furnace
50:19 Two-Man Saw
50:11 Siege Engineers
51:31 Hand Cart
52:10 Ironclad
56:26 Masonry
58:06 Stone Shaft Mining
59:20 Bodkin Arrow
59:21 Arson
60:21 Hoardings
60:28 Hoardings
62:28 Chemistry
64:51 Scale Barding Armor
65:16 Cavalier
66:08 Bloodlines
66:23 Chain Barding Armor
68:48 Guilds
69:03 Crenellations
71:01 Padded Archer Armor
71:27 Elite Skirmisher
72:41 Leather Archer Armor
76:20 Ballistics
78:00 Caravan
79:41 Town Patrol
81:04 Coinage
81:18 Crop Rotation
82:27 Ring Archer Armor
85:28 Fortified Wall
85:12 Guard Tower
85:08 Arrowslits
95:05 Keep
SirArthurKORT
11:13 Feudal Age
13:49 Double-Bit Axe
13:47 Horse Collar
14:22 Loom
17:48 Castle Age
15:56 Stone Mining
17:41 Loom
19:59 Gold Mining
21:25 Scale Mail Armor
24:37 Fletching
28:09 Bow Saw
32:43 Bodkin Arrow
40:34 Heavy Plow
41:28 Wheelbarrow
40:38 Town Watch
42:34 Padded Archer Armor
44:29 Forging
44:58 Elite Skirmisher
45:03 Pikeman
45:44 Squires
49:37 Imperial Age
48:43 Iron Casting
48:23 Chain Mail Armor
48:24 Leather Archer Armor
49:41 Halberdier
57:36 Crop Rotation
60:25 Chemistry
61:41 Ballistics
72:51 Hand Cart
72:36 Town Patrol
74:02 Arson
78:07 Caravan
84:54 Ring Archer Armor
Khirs
0:46 Loom
10:50 Feudal Age
11:27 Double-Bit Axe
11:54 Horse Collar
19:52 Castle Age
18:10 Stone Mining
18:32 Gold Mining
19:02 Fletching
20:13 Padded Archer Armor
21:16 Stone Shaft Mining
20:06 Pikeman
20:55 Heavy Plow
21:59 Bow Saw
21:45 Crossbowman
25:37 Leather Archer Armor
29:01 Ballistics
34:00 Imperial Age
32:55 Gold Shaft Mining
33:12 Thumb Ring
33:22 Bodkin Arrow
34:30 Wheelbarrow
33:24 Elite Skirmisher
34:13 Great Wall
34:16 Murder Holes
35:50 Conscription
35:49 Bracer
36:21 Ring Archer Armor
38:20 Rocketry
39:20 Halberdier
40:24 Forging
40:15 Scale Mail Armor
41:04 Hand Cart
43:56 Iron Casting
44:34 Chain Mail Armor
44:32 Elite Chu Ko Nu
47:37 Plate Mail Armor
52:20 Blast Furnace
60:57 Chemistry
59:43 Arrowslits
60:10 Masonry
63:17 Arson
63:13 Capped Ram
64:38 Siege Ram
72:07 Coinage
75:35 Caravan
95:36 Banking
Will Rossi
10:49 Feudal Age
11:48 Loom
12:27 Horse Collar
21:23 Castle Age
19:41 Gold Mining
20:21 Double-Bit Axe
20:33 Stone Mining
21:48 Forging
22:12 Town Watch
23:03 Wheelbarrow
23:10 Iron Casting
23:17 Bloodlines
23:52 Scale Barding Armor
24:15 Bow Saw
25:34 Chain Barding Armor
31:14 Imperial Age
30:32 Gold Shaft Mining
30:55 Steppe Husbandry
32:28 Wheelbarrow
31:18 Elite Steppe Lancer
33:51 Blast Furnace
33:27 Plate Barding Armor
33:33 Heavy Plow
35:23 Hand Cart
35:11 Town Patrol
37:33 Crop Rotation
hqitbkv
0:30 Loom
13:36 Feudal Age
13:45 Feudal Age
17:49 Castle Age
17:04 Double-Bit Axe
17:03 Horse Collar
21:03 Gold Mining
22:53 Heavy Plow
25:35 Stone Mining
30:16 Gold Shaft Mining
29:49 Fletching
31:45 Wheelbarrow
34:28 Hand Cart
35:58 Bloodlines
37:27 Treadmill Crane
38:47 Masonry
39:06 Husbandry
39:17 Scale Barding Armor
43:14 Imperial Age
41:11 Chain Barding Armor
42:25 Corvinian Army
43:17 Onager
43:20 Cavalier
45:17 Plate Barding Armor
44:38 Bodkin Arrow
44:43 Paladin
44:48 Elite Magyar Huszar
45:50 Conscription
47:24 Chemistry
46:45 Ballistics
65:17 Caravan
Connection lost

Rejoining the realm…

Still unreachable

The connection could not be restored.

Session expired

The server has moved on; the page needs a fresh start.